 Dungeon Crawl Stone Soup version 0.30-a0-808-g6e0788376e (webtiles) character file.

Game seed: 5089893949157822228

18339 pokeman the Eclecticist (level 12, -7/70 HPs)
             Began as a Deep Elf Hedge Wizard on Feb 26, 2023.
             Was an Elder of Vehumet.
             Shot with an arrow by a centaur warrior (21 damage)
             ... on level 13 of the Dungeon.
             The game lasted 00:33:51 (15479 turns).

pokeman the Eclecticist (Deep Elf Hedge Wizard)    Turns: 15479, Time: 00:33:51

Health: -7/70      AC: 13    Str:  7    XL:     12   Next: 26%
Magic:  31/34      EV: 13    Int: 37    God:    Vehumet [****..]
Gold:   401        SH:  0    Dex: 17    Spells: 24/44 levels left

rFire   . . .      SeeInvis +    T - +1 dagger (venom)
rCold   . . .      Faith    .    (no shield)
rNeg    . . .      Spirit   .    Z - +1 robe {Archmagi}
rPois   .          Reflect  .    y - +2 helmet {SInv}
rElec   .          Harm     .    e - +2 cloak
rCorr   .          Rampage  .    J - +1 pair of gloves {Dex+3}
Will    +....      Archmagi +    A - +0 pair of boots
Stlth   +++                      (no amulet)
HPRegen 0.31/turn                k - +6 ring of intelligence
MPRegen 0.24/turn                O - +6 ring of intelligence

@: marked
A: no striking features
a: Renounce Religion


You were on level 13 of the Dungeon.
You worshipped Vehumet.
Vehumet was greatly pleased with you.
You visited 2 branches of the dungeon, and saw 14 of its levels.
You also visited: Ossuary.

You collected 761 gold pieces.
You spent 360 gold pieces at shops.

Inventory:

Hand Weapons
 T - a +1 dagger of venom (weapon)
Missiles
 C - 2 throwing nets
 M - a curare-tipped dart
Armour
 e - a +2 cloak (worn)
 h - a scarf of repulsion
 y - a +2 helmet of see invisible (worn)
 A - a +0 pair of boots (worn)
 I - a +2 robe of cold resistance
 J - a +1 pair of gloves of dexterity (worn)
 X - a +1 leather armour of fire resistance
 Z - a +1 robe of the Archmagi (worn)
Magical Staves
 c - a staff of cold
Jewellery
 j - a +4 ring of protection
 k - a +6 ring of intelligence (left hand)
 n - a ring of resist corrosion
 O - a +6 ring of intelligence (right hand)
Wands
 b - a wand of paralysis (5)
 s - a wand of quicksilver (15)
 w - a wand of polymorph (8)
 N - a wand of iceblast (9)
 W - a wand of digging (10)
Scrolls
 i - 8 scrolls of teleportation
 m - a scroll of enchant weapon
 t - a scroll of blinking
 u - 3 scrolls of fog {unknown}
 v - 3 scrolls of enchant armour {unknown}
 D - a scroll of silence {unknown}
 F - 4 scrolls of magic mapping {unknown}
 K - 3 scrolls of vulnerability {unknown}
 Q - a scroll of amnesia {unknown}
Potions
 a - a potion of invisibility {unknown}
 d - 3 potions of magic
 f - 2 potions of flight {unknown}
 g - 4 potions of degeneration {unknown}
 l - 6 potions of curing {unknown}
 r - 2 potions of ambrosia {unknown}
 z - 4 potions of heal wounds {unknown}
 E - 2 potions of might {unknown}
 H - 5 potions of brilliance {unknown}
 P - 3 potions of haste
 R - a potion of lignification {unknown}
 U - a potion of resistance {unknown}
 Y - 3 potions of mutation {unknown}
Miscellaneous
 V - a box of beasts


   Skills:
 - Level 6.0 Fighting
 + Level 4.0 Armour
 - Level 3.0 Dodging
 - Level 4.1 Stealth
 * Level 16.8 Spellcasting
 + Level 10.0 Conjurations
 - Level 4.2 Summonings
 - Level 1.0 Necromancy
 - Level 1.1 Translocations
 + Level 8.2 Fire Magic
 - Level 2.0 Ice Magic
 - Level 1.0 Air Magic
 - Level 2.0 Poison Magic
 - Level 1.0 Evocations


You had 24 spell levels left.
You knew the following spells:

 Your Spells              Type           Power      Damage    Failure   Level
a - Magic Dart            Conj           100%       1d8       0%          1
b - Mephitic Cloud        Conj/Pois/Air  76%        N/A       1%          3
c - Call Imp              Summ           76%        N/A       1%          2
d - Blink                 Tloc           100%       N/A       1%          2
e - Foxfire               Conj/Fire      100%       2x1d9     1%          1
f - Fireball              Conj/Fire      49%        3d19      1%          5
g - Starburst             Conj/Fire      49%        6d14      1%          6

Your spell library contained the following spells:

 Spells                   Type           Power      Damage    Failure   Level
 Spellforged Servitor     Conj/Summ      45%        N/A       13%         7
 Slow                     Hex            100%       N/A       1%          1
 Cigotuvi's Dreadful Rot  Necr/Pois/Air  100%       N/A       1%          2
 Call Canine Familiar     Summ           76%        N/A       1%          3
 Inner Flame              Hex/Fire       75%        N/A       1%          3
 Portal Projectile        Hex/Tloc       100%       N/A       2%          3
 Tukima's Dance           Hex            46%        N/A       3%          3
 Manifold Assault         Tloc           56%        N/A       7%          4
 Cause Fear               Hex            23%        N/A       11%         4
 Leda's Liquefaction      Hex/Erth       23%        N/A       11%         4
 Blade Hands              Tmut           23%        N/A       30%         5
 Storm Form               Tmut/Air       25%        N/A       100%        7
 Discord                  Hex            23%        N/A       100%        8


Dungeon Overview and Level Annotations

Branches:
Dungeon (13/15)            Temple (1/1) D:4            Lair (0/5) D:11
    Orc (0/2) D:10        Ossuary (visited)
 Vaults: D:13-14

Altars:
Ashenzari
Cheibriados
Dithmenos
Elyvilon
Fedhas
Gozag
Hepliaklqana
Kikubaaqudgha
Makhleb
Nemelex Xobeh
Okawaru
Qazlal
Ru
Sif Muna
Trog
Uskayaw
Vehumet
Wu Jian
Xom
Yredelemnul
Zin
The Shining One

Shops:
D:2 =   D:5 :   D:8 (   D:10 :

Annotations:
D:3 1 runed translucent door, retardedninja's ghost, amateur GnFi
D:6 Rust devils
D:12 1 runed translucent door


Message History

Annotate which branch? (. - D:12, ? - help, ! - show branch list) Current level annotation: 1 runed translucent door New annotation for D:12 (include '!' for warning): 1 runed translucent door
Okay, then.
Okay, then.
Unknown command.
Unknown command.
The yak bellows!
There is an open door here.
There is a stone staircase leading down here.
You climb downwards.
A sourceless malevolence fills the Dungeon...
With a horrendous wail, an alarm goes off!
A sentinel's mark forms upon you.
You hear an angry hiss.
You hear a shout! x2; You hear an angry buzzing noise.
You hear a roar!
You hear a shout!
Found two stone staircases leading down.
There is a stone staircase leading up here.
A centaur warrior comes into view.
The centaur warrior wields a +0 longbow.
The centaur warrior shoots an arrow.
The arrow misses you.
A centaur warrior comes into view.
The centaur warrior shoots an arrow.
The arrow hits you!!
The centaur warrior wields a +0 shortbow.
The centaur warrior shoots an arrow.
The arrow hits you!
A basilisk comes into view.
Casting: Fireball (mildly dangerous; 1% risk of failure)
Confirm with . or Enter, or press ? or * to list all spells.
Aiming: Mephitic Cloud (safe; 1% risk of failure)
Press: ? - help, Shift-Dir - straight line, f - centaur warrior
Aim: a centaur warrior, wielding a +0 longbow (chance to affect: 53%)
You feel a surge of power!
The ball explodes into a vile cloud!
The stinking cloud engulfs the centaur warrior but does no damage.
The centaur warrior shoots an arrow.
The arrow hits you!!
* * * LOW HITPOINT WARNING * * *
The centaur warrior is engulfed in noxious fumes.
The centaur warrior appears confused.
Unknown command.
The centaur warrior shoots an arrow.
The arrow hits you!!
You die...

..## ≈... ### ≈..#
. ####.## ..# ##
.c..#.....##.##..#
.☼§§...@.....l....
.☼§§#.............
......#...<>......
...........>.....#
......##.........#
......#..........#
..... #.c........#
.... ............
............#


You could see 2 centaur warriors and a basilisk.

Vanquished Creatures
  Gastronok (D:12)
  Harold (D:11)
  A two-headed ogre (D:8)
  Erica (D:11)
  A wizard (D:10)
  An orc knight (D:10)
  2 ugly things
  A manticore (D:8)
  2 cyclopes
  4 gargoyles
  An unseen horror (D:12)
  A kobold demonologist (D:10)
  A komodo dragon (D:11)
  2 trolls (D:11)
  2 hornets
  3 slime creatures (D:12)
  3 wyverns
  A wraith (Ossuary)
  Sigmund (D:3)
  12 yaks
  Eustachio (D:6)
  11 vampire mosquitoes
  3 wargs (D:11)
  2 water moccasins (D:7)
  Duvessa (D:6)
  A sky beast (D:7)
  An ice beast (D:5)
  5 orc warriors
  A black bear (D:5)
  An ogre (D:6)
  4 centaurs
  4 phantoms
  3 kobold brigands
  A bullfrog (D:7)
  A necrophage (D:8)
  A scorpion (D:6)
  A water moccasin zombie (D:6)
  3 wights (D:9)
  19 killer bees
  An electric eel (D:10)
  3 howler monkeys
  A crimson imp (D:10)
  A bullfrog zombie (D:6)
  3 jellies
  11 orc priests
  3 gnoll boudas
  5 hounds
  A bullfrog skeleton (D:6)
  4 iguanas
  11 orc wizards
  Ijyb (D:3)
  Natasha (thrice) (D:3)
  A killer bee zombie (D:6)
  A mummy (Ossuary)
  16 adders
  12 gnolls
  A white imp (D:6)
  2 ufetubi (D:4)
  A worm (D:5)
  2 dart slugs
  56 orcs
  7 ball pythons
  9 endoplasms
  4 giant cockroaches
  7 goblins
  6 hobgoblins
  4 jackals
  22 kobolds
  4 quokkas
  5 bats
  A frilled lizard (D:1)
  8 gnoll skeletons (Ossuary)
  A goblin zombie (D:8)
  A hobgoblin zombie (D:8)
  7 kobold skeletons (Ossuary)
  10 orc skeletons (Ossuary)
  8 rats
350 creatures vanquished.

Vanquished Creatures (collateral kills)
  An ogre (D:4)
  Dowan (D:6)
  2 orc priests (D:4)
  A white imp (D:5)
  An orc (D:4)
  An endoplasm (D:2)
  A goblin (D:4)
8 creatures vanquished.

Vanquished Creatures (others)
  554 foxfires
  A fungus (D:2)
  6 plants
  2 withered plants (D:3)
563 creatures vanquished.

Grand Total: 921 creatures vanquished

Notes
Turn   | Place    | Note
-------+----------+-------------------------------------------
     0 | D:1      | pokeman the Deep Elf Hedge Wizard began the quest for the
                  | Orb.
     0 | D:1      | Reached XP level 1. HP: 10/10 MP: 7/7
   222 | D:1      | Reached XP level 2. HP: 16/16 MP: 4/9
   641 | D:1      | Reached skill level 5 in Spellcasting
   792 | D:1      | Reached XP level 3. HP: 20/20 MP: 6/11
   796 | D:1      | Learned a level 3 spell: Mephitic Cloud
   799 | D:1      | Learned a level 2 spell: Call Imp
   802 | D:1      | Learned a level 2 spell: Blink
   978 | D:2      | Found a faded altar of an unknown god.
  1061 | D:2      | Reached skill level 1 in Armour
  1195 | D:2      | Reached skill level 1 in Fighting
  1195 | D:2      | Reached XP level 4. HP: 25/25 MP: 5/13
  1365 | D:2      | Found an opulent altar of Gozag.
  1878 | D:2      | Found Tevo Vau's Jewellery Emporium.
  2079 | D:3      | Found a runed translucent door.
  2080 | D:3      | Noticed retardedninja's ghost (amateur GnFi)
  2189 | D:3      | Noticed Natasha
  2194 | D:3      | Killed Natasha
  2195 | D:3      | Reached skill level 6 in Spellcasting
  2195 | D:3      | Reached XP level 5. HP: 29/29 MP: 8/15
  2230 | D:3      | Noticed Sigmund
  2239 | D:3      | Killed Sigmund
  2240 | D:3      | Reached skill level 1 in Poison Magic
  2240 | D:3      | Reached XP level 6. HP: 28/34 MP: 1/17
  2367 | D:3      | Noticed Ijyb
  2405 | D:3      | Killed Ijyb
  2521 | D:3      | Reached skill level 7 in Spellcasting
  2853 | D:3      | Found a faded altar of an unknown god.
  2853 | D:3      | Found a sacrificial altar of Ru.
  2860 | D:3      | Found a basalt altar of Yredelemnul.
  2863 | D:3      | Found a snail-covered altar of Cheibriados.
  2865 | D:3      | Found a hazy altar of Hepliaklqana.
  2887 | D:3      | Noticed Natasha
  2893 | D:3      | Killed Natasha
  2913 | D:3      | Found an opulent altar of Gozag.
  2916 | D:3      | Found a shadowy altar of Dithmenos.
  2916 | D:3      | Noticed Natasha
  2927 | D:3      | Killed Natasha
  3304 | D:4      | Reached skill level 1 in Air Magic
  3400 | D:4      | Reached XP level 7. HP: 38/38 MP: 13/20
  3409 | D:4      | Reached skill level 1 in Evocations
  3739 | D:4      | Reached skill level 8 in Spellcasting
  4135 | D:4      | Reached skill level 1 in Ice Magic
  4493 | D:4      | Found a staircase to the Ecumenical Temple.
  4500 | Temple   | Entered the Ecumenical Temple
  4596 | Temple   | Became a worshipper of Vehumet
  4684 | D:4      | Reached XP level 8. HP: 42/44 MP: 14/22
  5240 | D:5      | Entered Level 5 of the Dungeon
  5447 | D:5      | Found Waderch's Book Boutique.
  5497 | D:5      | Reached skill level 9 in Spellcasting
  6442 | D:6      | Noticed Dowan
  6445 | D:6      | Noticed Duvessa
  6454 | D:6      | Killed Dowan
  6462 | D:6      | Killed Duvessa
  6463 | D:6      | Reached skill level 5 in Conjurations
  6475 | D:6      | Reached skill level 10 in Spellcasting
  6957 | D:5      | Bought a book of Fire for 360 gold pieces
  6959 | D:5      | Learned a level 1 spell: Foxfire
  6965 | D:5      | Learned a level 5 spell: Fireball
  7122 | D:6      | Reached XP level 9. HP: 48/48 MP: 18/25
  7124 | D:6      | Reached * piety under Vehumet
  7124 | D:6      | Offered knowledge of Freeze by Vehumet.
  7498 | D:6      | Noticed Eustachio
  7534 | D:6      | Killed Eustachio
  7535 | D:6      | Reached skill level 1 in Fire Magic
  7637 | D:6      | Reached skill level 11 in Spellcasting
  8138 | D:7      | You fall into a shaft and drop 1 floor!
  8138 | D:8      | Found Razxepir's Weapon Shoppe.
  8201 | D:8      | Found a sand-covered staircase.
  8214 | Ossuary  | Entered an ossuary
  8449 | Ossuary  | Offered knowledge of Sandblast by Vehumet.
  8453 | Ossuary  | Reached ** piety under Vehumet
  8557 | D:8      | Noticed a manticore
  8579 | D:8      | Reached skill level 1 in Necromancy
  8659 | D:7      | Reached skill level 12 in Spellcasting
  8958 | D:6      | Identified the +7 plate armour "Neukhlargh" {Drain +Blink
                  | rElec rF-}
  8958 | D:6      | Noticed a rust devil
  8958 | D:6      | Noticed a rust devil
  9055 | D:7      | Offered knowledge of Frozen Ramparts by Vehumet.
  9240 | D:8      | Noticed a two-headed ogre
  9250 | D:8      | Killed a two-headed ogre
  9251 | D:8      | Reached XP level 10. HP: 56/56 MP: 18/28
  9486 | D:8      | Reached *** piety under Vehumet
  9501 | D:8      | Killed a manticore
  9616 | D:8      | Reached skill level 13 in Spellcasting
  9666 | D:8      | Offered knowledge of Hailstorm by Vehumet.
  9880 | D:8      | Learned a level 6 spell: Starburst
  9971 | D:9      | Reached skill level 5 in Fire Magic
 10396 | D:9      | Reached skill level 14 in Spellcasting
 10538 | D:9      | Reached **** piety under Vehumet
 10785 | D:9      | Offered knowledge of Ignite Poison by Vehumet.
 10786 | D:9      | Reached XP level 11. HP: 60/62 MP: 21/31
 10863 | D:10     | Entered Level 10 of the Dungeon
 10863 | D:10     | Found Moklafufirr's Book Shoppe.
 10867 | D:10     | Reached skill level 5 in Fighting
 11419 | D:10     | Noticed an orc knight
 11471 | D:10     | Killed an orc knight
 11595 | D:10     | Noticed a sixfirhy
 11597 | D:10     | Reached skill level 15 in Spellcasting
 12624 | D:10     | Noticed a wizard
 12626 | D:10     | Killed a wizard
 12764 | D:10     | Found a staircase to the Orcish Mines.
 13035 | D:11     | Noticed a cyan ugly thing
 13038 | D:11     | Killed a cyan ugly thing
 13056 | D:11     | Noticed Erica
 13280 | D:11     | Noticed Harold
 13302 | D:11     | Killed Harold
 13591 | D:11     | Found a staircase to the Lair.
 13601 | D:11     | Reached ***** piety under Vehumet
 13601 | D:11     | Offered knowledge of Spellforged Servitor by Vehumet.
 13732 | D:11     | Killed Erica
 13733 | D:11     | Reached skill level 16 in Spellcasting
 14497 | D:12     | Reached XP level 12. HP: 70/70 MP: 31/34
 14962 | D:12     | Noticed Gastronok
 15004 | D:12     | Killed Gastronok
 15005 | D:12     | Reached skill level 10 in Conjurations
 15317 | D:12     | Noticed an ogre mage
 15317 | D:12     | Noticed a frost giant
 15317 | D:12     | Found the necklace of Bloodlust {Fury *Rage Will++ Int-3
                  | Slay+6}
 15318 | D:12     | Found a runed translucent door.
 15475 | D:13     | Noticed a centaur warrior
 15477 | D:13     | Noticed a centaur warrior
 15479 | D:13     | Shot with an arrow by a centaur warrior

Illustrated notes

Levels and vault maps discovered:
D:1:      minmay_arrival_arboretum_small, layout_rooms, minmay_misc_feat_hallway
D:2:      minmay_recursive_quarters, layout_rooms, serial_shops, shop,
          basic_altar, shapermc_ecumenical_altar_ellora
D:3:      layout_basic, chequers_temple_overflow_minitemple,
          nicolae_overflow_squiral, gammafunk_ghost_grave, uniq_natasha,
          uniq_sigmund, uniq_ijyb
D:4:      minmay_thinvault, layout_loops_ring,
          minmay_temple_entry_gardened_gates, minmay_misc_feat_enclosed
D:5:      layout_layer_cave, serial_shops, nicolae_shop_hallway_plus
D:6:      cheibrodos_iron_armory, layout_cave_pods, serial_undead,
          serial_undead_f, serial_undead_f, serial_undead_c, serial_undead_b,
          uniq_duvessa, uniq_eustachio
D:7:      layout_basic, hangedman_abyss_or_decor_stagger
D:8:      layout_rooms, serial_shops, nicolae_stop_n_shop_1, enter_ossuary_3
D:9:      layout_roguey, minmay_misc_feat_chi, eino_tiny_chamber
D:10:     layout_loops_ring, erik_orc_2, serial_shops,
          nicolae_inconvenience_store, lightli_wizard_tower
D:11:     layout_long_grid, erik_lair_orcish_takeover, uniq_erica, uniq_harold
D:12:     layout_gridville, minmay_st_funbox, hangedman_abyss_or_decor_clamps,
          minivault_27, uniq_gastronok
D:13:     layout_rooms, erik_vaults_1, nicolae_shop_unique_rings,
          amcnicky_mini_pool_small
Temple:   minmay_temple_bridge_d

Skill      XL: |  1  2  3  4  5  6  7  8  9 10 11 12 |
---------------+-------------------------------------+-----
Spellcasting   | 5 6 7 8 10 12 14 16 | 16.8
Armour         | 1 2 3 4 |  4.0
Fighting       | 1 2 3 4 6 |  6.0
Conjurations   | 2 3 4 5 7 8 9 10 | 10.0
Dodging        | 3 |  3.0
Stealth        | 3 4 |  4.1
Poison Magic   | 1 2 |  2.0
Air Magic      | 1 |  1.0
Evocations     | 1 |  1.0
Summonings     | 2 4 |  4.2
Ice Magic      | 1 2 |  2.0
Fire Magic     | 4 5 7 8 |  8.2
Necromancy     | 1 |  1.0
Translocations | |  1.1

Action                     |  1- 3 |  4- 6 |  7- 9 | 10-12 || total
---------------------------+-------+-------+-------+-------++-------
  Melee: Dagger            |       |    24 |     6 |    32 ||    62
         Falchion          |       |       |    35 |       ||    35
         Punch             |       |       |     2 |     1 ||     3
         Rapier            |       |       |    23 |     7 ||    30
   Cast: Magic Dart        |    80 |    99 |   185 |    14 ||   378
         Mephitic Cloud    |       |     7 |    19 |    23 ||    49
         Call Imp          |       |     4 |     7 |     2 ||    13
         Foxfire           |       |       |   196 |   107 ||   303
         Fireball          |       |       |       |   101 ||   101
         Blink             |       |       |       |     6 ||     6
    Use: Scroll            |       |       |       |     9 ||     9
   Stab: Confused          |       |     4 |     5 |     5 ||    14
 Armour: Skin              |       |     8 |       |       ||     8
         Robe              |       |       |    12 |    10 ||    22
         Leather armour    |       |       |    37 |    18 ||    55
  Dodge: Dodged            |     7 |    10 |   109 |    33 ||   159

Table legend: (Time is in decaauts)
 A = Elapsed time spent in this place.
 B = Non-inter-level travel time spent in this place.
 C = Inter-level travel time spent in this place.
 D = Time resting spent in this place.
 E = Time spent auto-exploring this place.
 F = Levels seen in this place.
 G = Mean time per level.
                   A        B        C        D        E       F      G
               +--------+--------+--------+--------+--------+-----+--------+
         Total |  15498 |  14614 |    884 |    887 |  11508 |  15 | 1033.2 |
       Dungeon |  14958 |  14172 |    786 |    887 |  11204 |  13 | 1150.6 |
        Temple |    206 |    108 |     98 |      0 |     64 |   1 |  206.0 |
       Ossuary |    333 |    333 |      0 |      0 |    240 |   1 |  333.0 |
               +--------+--------+--------+--------+--------+-----+--------+

Top non-repeatable levels by time:
     D:4: 1923 daAuts
    D:10: 1580 daAuts
     D:6: 1523 daAuts
    D:11: 1333 daAuts
     D:5: 1323 daAuts
    D:12: 1273 daAuts
     D:3: 1195 daAuts
     D:9: 1093 daAuts
     D:2: 1056 daAuts
     D:1: 951 daAuts
     D:7: 924 daAuts
     D:8: 770 daAuts
 Ossuary: 333 daAuts
  Temple: 206 daAuts
    D:13: 6 daAuts
